[Event "FIDE Open Sachove Univerzity QCC"]
[Site "Ceske Budejovice"]
[Date "2020.07.10"]
[Round "9.19"]
[White "Petkov, Andon"]
[Black "Rolinkova, Adela"]
[Result "1-0"]
[ECO "A01"]
[WhiteElo "1776"]
[BlackElo "1360"]
[Annotator "NA RC"]
[PlyCount "73"]
[EventDate "2020.07.01"]
[EventType "swiss"]
[EventCountry "CZE"]
[TimeControl "40/5400+30:1800+30"]

1. b3 d5 2. Bb2 Nc6 3. e3 e5 4. Bb5 Nge7 5. Bxe5 a6 6. Bxc6+ Nxc6 7. Bb2 Be6 8. Ne2 Qd7 9. d3 Rd8 10. Nf4 Bb4+ 11. c3 Bd6 12. Nxe6 Qxe6 13. Qe2 O-O 14. Nd2 Rfe8 15. Nf3 Qg4 16. Rg1 Ne5 17. Nxe5 Qxe2+ 18. Kxe2 Bxe5 19. h3 c5 20. d4 cxd4 21. cxd4 Bd6 22. Kd3 f6 23. Rge1 f5 24. f3 Bg3 25. Re2 Kf7 26. Rf1 g5 27. e4 dxe4+ 28. fxe4 f4 29. Rc2 Rd7 30. Rfc1 h5 31. Rc7 Rxc7 32. Rxc7+ Re7 33. Rxe7+ Kxe7 34. d5 g4 35. hxg4 f3 36. gxf3 h4 37. Ke2 1-0

[Event "FIDE Open Sachove Univerzity QCC"]
[Site "Ceske Budejovice"]
[Date "2020.07.09"]
[Round "9.20"]
[White "Dudkova, Josefina"]
[Black "Straka, Zdenek"]
[Result "0-1"]
[ECO "C01"]
[WhiteElo "1447"]
[BlackElo "1812"]
[Annotator "NA"]
[PlyCount "98"]
[EventDate "2020.07.01"]
[EventType "swiss"]
[EventCountry "CZE"]
[SourceTitle "playchess.com"]
[Source "ChessBase"]
[SourceQuality "1"]
[TimeControl "40/5400+30:1800+30"]

1. e4 e6 2. d4 d5 3. exd5 exd5 4. Nf3 Nf6 5. Bd3 c5 6. O-O {[%emt 0:01:04] C01: French: Exchange Variation.} Be7 7. Re1 O-O 8. Bf4 Nc6 {[%emt 0:00:44] [#]} 9. dxc5 $146 ({Predecessor:} 9. c3 Bg4 10. Be2 Qb6 11. Qb3 Rfe8 12. Nbd2 Bxf3 13. Qxb6 axb6 14. Nxf3 cxd4 15. Nxd4 Nxd4 16. cxd4 Bb4 17. a3 Bxe1 18. Rxe1 {0-1 (30) Mattersberger,M (1680)-Konecny,S (1876) Austria 2019}) 9... Bxc5 10. h3 Qb6 11. Be3 Bxe3 12. Rxe3 Qxb2 13. Nbd2 Qb6 14. a3 Bd7 15. Nb3 Rfe8 16. Rxe8+ Rxe8 17. Rb1 Qc7 18. Nc5 b6 19. Nxd7 Qxd7 20. Bb5 Re4 $11 21. c4 d4 22. Qa4 Re6 23. Rd1 d3 24. Bxc6 Qxc6 25. Qxc6 Rxc6 26. Rxd3 Kf8 27. Ne5 Rc7 28. Rd4 Ke7 29. g4 Ne8 30. Nf3 Nd6 31. Nd2 g5 32. f4 h6 33. Kg2 Rc5 34. f5 Ra5 35. Rd3 Ra4 36. Rc3 Ra5 37. Kf3 Kd7 38. Rd3 Kc6 39. Rc3 Re5 40. Rc1 Kb7 41. a4 Kc6 42. Nb3 Nb7 43. Rd1 Na5 44. Nd4+ Kc5 45. Nb5 Nxc4 46. Nxa7 Re3+ 47. Kg2 Re7 48. Ra1 Rxa7 49. Kf3 b5 0-1

[Event "FIDE Open Sachove Univerzity QCC"]
[Site "Ceske Budejovice"]
[Date "2020.07.09"]
[Round "9.21"]
[White "Stary, Vojtech"]
[Black "Valasek, Jakub"]
[Result "1/2-1/2"]
[ECO "C45"]
[WhiteElo "1422"]
[BlackElo "1688"]
[Annotator "NA"]
[PlyCount "57"]
[EventDate "2020.07.01"]
[EventType "swiss"]
[EventCountry "CZE"]
[SourceTitle "playchess.com"]
[Source "ChessBase"]
[SourceQuality "1"]
[TimeControl "40/5400+30:1800+30"]

1. e4 e5 2. Nf3 Nc6 3. d4 exd4 4. Nxd4 Bc5 5. Be3 Qf6 6. c3 Nge7 7. Qf3 Qxf3 8. gxf3 Bb6 9. Nd2 O-O 10. O-O-O d5 11. Rg1 Kh8 12. h4 dxe4 13. fxe4 f5 14. Nxc6 Nxc6 15. Bh3 fxe4 16. Bxc8 Raxc8 17. Bxb6 axb6 18. Nxe4 Rce8 19. Ng5 h6 20. Nh3 Rf3 21. Rg3 Rxg3 22. fxg3 Ne5 23. Nf4 g5 24. hxg5 hxg5 25. Nd3 Nxd3+ 26. Rxd3 Re7 27. Kc2 Kg7 28. Kd2 Kg6 29. g4 1/2-1/2

[Event "FIDE Open Sachove Univerzity QCC"]
[Site "Ceske Budejovice"]
[Date "2020.07.10"]
[Round "9.22"]
[White "Veselsky, Jan"]
[Black "Gorej, Jan"]
[Result "1-0"]
[ECO "D06"]
[WhiteElo "1580"]
[BlackElo "1247"]
[Annotator "NA RC"]
[PlyCount "47"]
[EventDate "2020.07.01"]
[EventType "swiss"]
[EventCountry "CZE"]
[TimeControl "40/5400+30:1800+30"]

1. d4 d5 2. c4 Nf6 3. cxd5 Qxd5 4. Nc3 Qd8 5. e4 Bg4 6. f3 Bh5 7. Bc4 e6 8. Qb3 b6 9. Nge2 Be7 10. Be3 O-O 11. O-O a6 12. e5 b5 13. exf6 Bd6 14. fxg7 Kxg7 15. Bd3 Qh4 16. g3 Qf6 17. Ne4 Qe7 18. Nxd6 cxd6 19. Rac1 Ra7 20. d5 Kh8 21. Nf4 Bg6 22. dxe6 Bxd3 23. Qxd3 fxe6 24. Qd4+ 1-0

[Event "FIDE Open Sachove Univerzity QCC"]
[Site "Ceske Budejovice"]
[Date "2020.07.10"]
[Round "9.23"]
[White "Kaucky, Jaroslav"]
[Black "Havelkova, Beata"]
[Result "0-1"]
[ECO "A03"]
[WhiteElo "1573"]
[BlackElo "1394"]
[Annotator "NA RC"]
[PlyCount "96"]
[EventDate "2020.07.01"]
[EventType "swiss"]
[EventCountry "CZE"]
[TimeControl "40/5400+30:1800+30"]

1. d4 Nf6 2. f4 d5 3. Nf3 c5 4. e3 Nc6 5. c3 Bg4 6. h3 Bxf3 7. Qxf3 e6 8. Nd2 Be7 9. Bb5 Qb6 10. Bxc6+ Qxc6 11. Qf2 b5 12. g4 b4 13. g5 Nd7 14. Nf3 f6 15. h4 h5 16. Qc2 bxc3 17. Qxc3 c4 18. Bd2 Kf7 19. gxf6 gxf6 20. Rg1 Rag8 21. Kf2 Qc8 22. Qc2 Rh6 23. Rxg8 Qxg8 24. Rg1 Rg6 25. f5 Rxg1 26. fxe6+ Kxe6 27. Nxg1 Bd6 28. Ne2 Qg4 29. Nf4+ Bxf4 30. exf4 Qxh4+ 31. Kf1 Qh3+ 32. Kf2 Qh2+ 33. Kf3 f5 34. Qd1 Nf6 35. Qe2+ Qxe2+ 36. Kxe2 h4 37. Kf3 h3 38. Be3 Ng4 39. Bd2 Kd6 40. Kg3 h2 41. Kg2 Kc6 42. Be1 Kb5 43. Bg3 a5 44. Bxh2 Nxh2 45. Kxh2 c3 46. bxc3 Kc4 47. Kg3 Kxc3 48. Kh4 Kxd4 0-1

[Event "FIDE Open Sachove Univerzity QCC"]
[Site "Ceske Budejovice"]
[Date "2020.07.09"]
[Round "9.24"]
[White "Barta, David"]
[Black "Dobsa, Emma"]
[Result "0-1"]
[ECO "D11"]
[WhiteElo "1541"]
[BlackElo "1345"]
[Annotator "NA"]
[PlyCount "63"]
[EventDate "2020.07.01"]
[EventType "swiss"]
[EventCountry "CZE"]
[SourceTitle "playchess.com"]
[Source "ChessBase"]
[SourceQuality "1"]
[TimeControl "40/5400+30:1800+30"]

1. Nf3 d5 2. g3 Nf6 3. Bg2 c6 4. O-O Bf5 5. d4 h6 6. Nbd2 e6 7. c4 Nbd7 8. cxd5 cxd5 9. b3 Rc8 10. a4 Bc2 11. Qe1 Bb4 12. Ba3 Bxa3 13. Rxa3 O-O 14. a5 Qe7 15. Qa1 Ne4 16. Nxe4 dxe4 17. Nd2 Nf6 18. Rc1 Qb4 19. Qb2 Qxd2 20. Ra2 Qxe2 21. Rxc2 Qd1+ 22. Bf1 Rxc2 23. Qxc2 Qxd4 24. Qc7 Qb4 25. Bc4 Nd5 26. Qe5 Rd8 27. Qa1 Nc3 28. Rc2 Rd1+ 29. Qxd1 Nxd1 30. a6 b5 31. h3 bxc4 32. Rxc4 0-1

[Event "FIDE Open Sachove Univerzity QCC"]
[Site "Ceske Budejovice"]
[Date "2020.07.10"]
[Round "9.25"]
[White "Kral, Ladislav"]
[Black "Policar, Martin"]
[Result "1-0"]
[ECO "C29"]
[WhiteElo "1493"]
[BlackElo "1258"]
[Annotator "NA RC"]
[PlyCount "63"]
[EventDate "2020.07.01"]
[EventType "swiss"]
[EventCountry "CZE"]
[TimeControl "40/5400+30:1800+30"]

1. e4 Nf6 2. Nc3 e5 3. f4 d5 4. fxe5 Nxe4 5. Nf3 Bg4 6. Qe2 Nxc3 7. dxc3 Nc6 8. Bf4 Bc5 9. O-O-O O-O 10. h3 Bxf3 11. gxf3 Re8 12. Qb5 Qh4 13. Bd2 Bb6 14. f4 Rad8 15. Qe2 f6 16. e6 Qf2 17. Qxf2 Bxf2 18. f5 g6 19. Rh2 Bh4 20. Rg2 Ne7 21. Bd3 Kg7 22. fxg6 Nxg6 23. Rdg1 Rxe6 24. Bxg6 hxg6 25. Rxg6+ Kf8 26. Rg8+ Ke7 27. R1g7+ Kd6 28. Rxd8+ Kc6 29. Rdd7 Bg5 30. Rxc7+ Kd6 31. Bxg5 fxg5 32. Rgd7+ 1-0

[Event "FIDE Open Sachove Univerzity QCC"]
[Site "Ceske Budejovice"]
[Date "2020.07.10"]
[Round "9.26"]
[White "Huemer, Gerald"]
[Black "Klimes, Roman"]
[Result "1/2-1/2"]
[ECO "D02"]
[WhiteElo "1721"]
[BlackElo "1349"]
[Annotator "NA RC"]
[PlyCount "48"]
[EventDate "2020.07.01"]
[EventType "swiss"]
[EventCountry "CZE"]
[TimeControl "40/5400+30:1800+30"]

1. d4 d5 2. Bf4 Nc6 3. Nf3 Bg4 4. e3 Nf6 5. Nbd2 e6 6. h3 Bf5 7. g4 Be4 8. g5 Nh5 9. Nxe4 Nxf4 10. Ng3 Ng6 11. h4 h5 12. gxh6 Rxh6 13. h5 Nge7 14. c3 Qd6 15. Bd3 e5 16. dxe5 Nxe5 17. Nd4 g6 18. f4 Nxd3+ 19. Qxd3 O-O-O 20. O-O-O Bg7 21. hxg6 Rxg6 22. Ngf5 Nxf5 23. Nxf5 Qf6 24. Rdg1 c6 1/2-1/2

[Event "FIDE Open Sachove Univerzity QCC"]
[Site "Ceske Budejovice"]
[Date "2020.07.09"]
[Round "9.27"]
[White "Svadlenka, Dominik"]
[Black "Jodas, Daniel"]
[Result "1-0"]
[ECO "E91"]
[WhiteElo "1350"]
[BlackElo "1608"]
[Annotator "NA"]
[PlyCount "78"]
[EventDate "2020.07.01"]
[EventType "swiss"]
[EventCountry "CZE"]
[SourceTitle "playchess.com"]
[Source "ChessBase"]
[SourceQuality "1"]
[TimeControl "40/5400+30:1800+30"]

1. d4 Nf6 2. c4 g6 3. Nc3 Bg7 4. e4 d6 5. Nf3 O-O 6. Be2 c5 7. d5 Bg4 8. O-O e6 9. Nd2 Bxe2 10. Qxe2 Re8 11. f4 Nbd7 12. Nf3 exd5 13. cxd5 Nxe4 14. Nxe4 f5 15. Nfg5 fxe4 16. Ne6 Qb6 17. f5 Bd4+ 18. Be3 Bxe3+ 19. Qxe3 c4 20. Qxb6 Nxb6 21. Nc7 Rac8 22. Nxe8 Rxe8 23. fxg6 Nxd5 24. gxh7+ Kxh7 25. Rfd1 Re5 26. Rd4 b5 27. a4 e3 28. axb5 e2 29. Re1 Nb4 30. Rd2 d5 31. Rdxe2 Rxe2 32. Rxe2 d4 33. Rd2 d3 34. Kf2 Nd5 35. Kf3 Nc7 36. Ke4 Nxb5 37. Kd5 c3 38. bxc3 Nxc3+ 39. Kc4 Na4 1-0

[Event "FIDE Open Sachove Univerzity QCC"]
[Site "Ceske Budejovice"]
[Date "2020.07.10"]
[Round "9.28"]
[White "Martirosyan, David"]
[Black "Dobsinsky, Petr"]
[Result "1-0"]
[ECO "B12"]
[WhiteElo "1560"]
[BlackElo "1248"]
[Annotator "NA RC"]
[PlyCount "81"]
[EventDate "2020.07.01"]
[EventType "swiss"]
[EventCountry "CZE"]
[TimeControl "40/5400+30:1800+30"]

1. e4 c6 2. d4 d5 3. e5 Bf5 4. h4 h6 5. g4 Be6 6. Bd3 Qd7 7. f3 f5 8. exf6 Nxf6 9. Bg6+ Kd8 10. Bf4 Bg8 11. Ne2 e6 12. Nbc3 Bh7 13. Bxh7 Nxh7 14. Qd2 Bb4 15. O-O-O Rf8 16. Qd3 Nf6 17. a3 Bd6 18. Rhe1 Bxf4+ 19. Nxf4 Re8 20. Re5 c5 21. Rde1 cxd4 22. Nb5 a6 23. Nxd4 Nc6 24. Nxc6+ bxc6 25. Rxe6 Kc7 26. g5 hxg5 27. hxg5 Nh5 28. Rxe8 Rxe8 29. Rxe8 Qxe8 30. Nxh5 Qxh5 31. g6 Qh1+ 32. Kd2 Qh2+ 33. Kc3 Qe5+ 34. Qd4 Qxd4+ 35. Kxd4 Kd6 36. c4 c5+ 37. Kd3 a5 38. b3 dxc4+ 39. Kxc4 Kc6 40. f4 Kd6 41. Kb5 1-0

[Event "FIDE Open Sachove Univerzity QCC"]
[Site "Ceske Budejovice"]
[Date "2020.07.10"]
[Round "9.29"]
[White "Trcka, Bohdan"]
[Black "Krautschneider, Daniel Jan"]
[Result "1-0"]
[ECO "C20"]
[WhiteElo "1528"]
[BlackElo "1374"]
[Annotator "NA RC"]
[PlyCount "71"]
[EventDate "2020.07.01"]
[EventType "swiss"]
[EventCountry "CZE"]
[TimeControl "40/5400+30:1800+30"]

1. e4 e5 2. Be2 Nf6 3. d3 Nc6 4. c3 Bc5 5. b4 Bb6 6. a4 a6 7. g4 d6 8. g5 Nd7 9. h4 f6 10. Nf3 O-O 11. Na3 f5 12. Qb3+ Kh8 13. Be3 fxe4 14. dxe4 Qe7 15. Nc4 Bxe3 16. Nxe3 Nb6 17. a5 Be6 18. Nd5 Qf7 19. axb6 cxb6 20. O-O-O Ne7 21. h5 Bg4 22. g6 Qg8 23. gxh7 Qf7 24. Ng5 Qxf2 25. Bxg4 Nxd5 26. Qxd5 Qf4+ 27. Qd2 Qxg4 28. Rdg1 Qc8 29. Rg3 Qd7 30. h6 g6 31. Qd5 Rac8 32. Qe6 Qc7 33. Qxg6 Rf2 34. Qg7+ Qxg7 35. hxg7+ Kxg7 36. Nh3+ 1-0